AoeStats
← Unchained96

Arena

509900728Analyzed
4v4 RM · 5d ago on Sep 28, 2026· 40m 19s· 8 players
Game mode
Random Map
Map size
Large (8 player)
Population
200
Speed
Normal
Resources
Standard
Victory
Conquest
Starting age
Dark Age
Ending age
Imperial Age
RankedLock teamsTeams togetherTeam positionsShared explorationLock speedFull tech treeHidden civsTurbo modeCheats
Victory
Defeat
🇨🇱 Japanese · Chile
1144
+16
🇦🇷 Turks · Argentina
1140
+16
🇷🇴 Cumans · Romania
1126
+16
🇦🇺 Georgians · Australia
1109
+17
🇨🇳 Franks · China
1174
-19
🇮🇳 Mongols · India
1137
-16
🇮🇳 Britons · India
1116
-15
🇨🇳 Spanish · China
1107
-15
_InSane_
11:22 Feudal Age
15:51 Castle Age
14:06 Double-Bit Axe
14:11 Horse Collar
18:58 Loom
22:30 Imperial Age
20:19 Gold Mining
22:09 Padded Archer Armor
23:02 Gold Shaft Mining
22:55 Bow Saw
27:14 Leather Archer Armor
34:27 Ring Archer Armor
35:24 Wheelbarrow
35:58 Two-Man Saw
36:37 Hand Cart
36:55 Heavy Plow
Unchained96
10:34 Feudal Age
12:16 Double-Bit Axe
12:20 Horse Collar
16:41 Castle Age
17:22 Bloodlines
17:27 Light Cavalry
21:35 Husbandry
22:55 Fletching
26:17 Bodkin Arrow
27:55 Ballistics
28:38 Wheelbarrow
28:57 Loom
32:20 Imperial Age
29:56 Padded Archer Armor
30:37 Hand Cart
31:41 Leather Archer Armor
33:21 Bracer
34:24 Chemistry
33:47 Conscription
33:55 Parthian Tactics
34:29 Heavy Cavalry Archer
36:50 Treadmill Crane
37:59 Hussar
38:45 Scale Barding Armor
38:50 Forging
39:37 Fervor
Sageata
9:04 Feudal Age
9:37 Double-Bit Axe
10:14 Horse Collar
15:37 Wheelbarrow
20:50 Castle Age
21:59 Bow Saw
21:53 Heavy Plow
21:48 Stone Mining
21:51 Gold Mining
24:18 Loom
27:24 Imperial Age
25:12 Scale Barding Armor
25:18 Forging
27:13 Gold Shaft Mining
27:08 Bloodlines
28:09 Hand Cart
27:50 Cavalier
28:38 Town Watch
29:48 Chain Barding Armor
30:04 Iron Casting
31:52 Plate Barding Armor
35:01 Blast Furnace
34:16 Town Patrol
34:25 Paladin
36:34 Steppe Husbandry
36:54 Conscription
38:21 Fletching
40:50 Bodkin Arrow
Tesorito
11:57 Feudal Age
10:14 Loom
16:20 Castle Age
14:27 Double-Bit Axe
15:30 Stone Mining
15:40 Horse Collar
18:03 Wheelbarrow
18:57 Town Watch
21:16 Scale Mail Armor
23:33 Forging
26:37 Chain Mail Armor
28:28 Hand Cart
28:13 Town Patrol
31:44 Iron Casting
35:02 Town Patrol
35:56 Bow Saw
42:38 Imperial Age
40:38 Padded Archer Armor
40:28 Fletching
40:52 Fortified Wall
41:02 Ballistics
alex950
5:32 Loom
11:08 Feudal Age
16:08 Castle Age
14:22 Stone Mining
16:59 Wheelbarrow
20:24 Padded Archer Armor
24:14 Horse Collar
MetalFaceDoom
0:27 Loom
4:52 Loom
10:04 Feudal Age
15:14 Castle Age
14:07 Double-Bit Axe
14:12 Horse Collar
17:16 Wheelbarrow
16:52 Bow Saw
17:08 Heavy Plow
19:15 Elite Skirmisher
20:19 Fletching
20:29 Padded Archer Armor
22:08 Fletching
22:18 Padded Archer Armor
23:24 Padded Archer Armor
24:30 Bodkin Arrow
26:09 Ballistics
26:20 Hand Cart
26:56 Gold Mining
26:56 Stone Mining
28:17 Leather Archer Armor
ultrasur
10:29 Feudal Age
12:12 Wheelbarrow
15:05 Castle Age
13:00 Double-Bit Axe
13:08 Gold Mining
13:34 Horse Collar
16:42 Bow Saw
22:29 Gold Shaft Mining
21:42 Loom
28:58 Imperial Age
26:15 Town Watch
27:01 Ballistics
26:32 Fletching
26:43 Padded Archer Armor
28:20 Hand Cart
28:06 Town Patrol
28:46 Bodkin Arrow
29:07 Bloodlines
28:57 Husbandry
29:05 Thumb Ring
29:51 Stone Mining
30:04 Heavy Plow
30:34 Parthian Tactics
29:51 Elite Mangudai
31:35 Chemistry
30:39 Padded Archer Armor
31:55 Stone Shaft Mining
32:21 Conscription
32:30 Bracer
32:45 Leather Archer Armor
35:52 Fortified Wall
辉夜夜大小姐
9:56 Feudal Age
19:15 Castle Age
17:38 Double-Bit Axe
25:38 Bow Saw
28:14 Wheelbarrow
31:54 Gold Mining
32:13 Scale Barding Armor
32:19 Forging
33:37 Gold Shaft Mining
33:25 Chain Barding Armor
Connection lost

Rejoining the realm…

Still unreachable

The connection could not be restored.

Session expired

The server has moved on; the page needs a fresh start.